 Dungeon Crawl Stone Soup version 0.25-a0-549-g6e6e6501ad (webtiles) character file.

24375 amnekian the Frost Mage (level 13, -10/99 HPs)
             Began as a Human Ice Elementalist on July 13, 2015.
             Was a High Priest of Sif Muna.
             Mangled by Snorg (15 damage)
             ... on level 5 of the Lair of Beasts on Feb 23, 2020.
             The game lasted 02:51:16 (29535 turns).

amnekian the Frost Mage (Human Ice Elementalist)   Turns: 29535, Time: 02:51:17

Health: -10/99     AC:  9    Str:  9    XL:     13   Next: 42%
Magic:  26/27      EV: 18    Int: 18    God:    Sif Muna [*****.]
Gold:   985        SH:  0    Dex: 16    Spells: 4/19 levels left

rFire    . . .     SeeInvis +   a - +3 quarterstaff (drain)
rCold    + . .     Gourm    +   (shield currently unavailable)
rNeg     . . .     Faith    .   v - +2 robe {MR+}
rPois    .         Spirit   .   y - +1 helmet
rElec    .         Reflect  .   q - +0 cloak {+Inv}
rCorr    .         Harm     .   A - +0 pair of gloves
MR       ++++.                  (no boots)
Stlth    +++.......             X - amulet of the gourmand
HPRegen  0.26/turn              o - ring of magical power
MPRegen  0.20/turn              s - ring "Plog" {SustAt *Slow rC+ MR+++ SInv}

@: slowed, very slow
A: no striking features
a: Channel Magic, Forget Spell, Divine Exegesis, Renounce Religion, Evoke
Invisibility


You were on level 5 of the Lair of Beasts.
You worshipped Sif Muna.
Sif Muna was extremely pleased with you.
You were not hungry.

You visited 4 branches of the dungeon, and saw 18 of its levels.

You collected 1003 gold pieces.
You spent 18 gold pieces at shops.

Inventory:

Hand Weapons
 a - a +3 quarterstaff of draining (weapon)
 b - a +0 blowgun
Missiles
 p - 2 curare-tipped darts
 u - 37 poisoned darts
 I - 6 boomerangs (quivered)
 R - 7 atropa-tipped darts
Armour
 q - a +0 cloak of invisibility (worn)
 v - a +2 robe of magic resistance (worn)
 y - a +1 helmet (worn)
 A - a +0 pair of gloves (worn)
Magical Staves
 e - an uncursed staff of cold
 U - an uncursed staff of fire
Jewellery
 i - an uncursed ring of ice
 k - an uncursed ring of protection from cold
 n - an uncursed ring of poison resistance {unknown}
 o - a ring of magical power (left hand)
 s - the ring "Plog" (right hand) {SustAt *Slow rC+ MR+++ SInv}
   (You found it on level 8 of the Dungeon)

   [ring of sustain attributes]

   It sustains your strength, intelligence and dexterity.
   It protects you from cold.
   It affects your resistance to hostile enchantments.
   It lets you see invisible.
   It may slow you when you take damage.
 x - an uncursed ring of protection from fire
 F - the ring of Guuf {Fire MR+}
   (You found it on level 4 of the Lair of Beasts)

   [ring of fire]

   It enhances your fire magic.
   It protects you from fire.
   It makes you vulnerable to cold.
   It affects your resistance to hostile enchantments.
 X - an amulet of the gourmand (around neck)
Wands
 r - a wand of removedness (13)
 J - a wand of removedness (3)
 V - a wand of digging (15)
 Z - a wand of removedness (2)
Scrolls
 l - 3 scrolls of teleportation
 m - 2 scrolls of fear
 E - 9 scrolls of remove curse
 O - 2 scrolls of magic mapping
 Q - a scroll of summoning
Potions
 d - 2 potions of curing
 f - 3 potions of brilliance
 g - 3 potions of flight
 h - a potion of magic
 t - 5 potions of heal wounds
 w - 2 potions of resistance
 z - 2 potions of cancellation
 B - a potion of stabbing
 H - 4 potions of lignification
 K - 3 potions of haste
 N - a potion of invisibility
 P - a potion of berserk rage
 T - a potion of mutation {unknown}
Comestibles
 c - 7 rations
 j - a ration
 G - a ration
 L - 6 rations


   Skills:
 - Level 8.4 Fighting
 * Level 8.4 Armour
 - Level 8.9 Dodging
 - Level 4.0 Stealth
 - Level 3.8 Spellcasting
 - Level 8.2 Conjurations
 - Level 3.9 Charms
 - Level 7.1 Summonings
 + Level 10.1 Ice Magic
 - Level 3.6 Air Magic


You had 4 spell levels left.
You knew the following spells:

 Your Spells              Type           Power        Failure   Level  Hunger
a - Freeze                Ice            ####         1%          1    None
c - Summon Ice Beast      Ice/Summ       ####....     4%          4    ####...
d - Condensation Shield   Ice            #####.....   2%          4    ####...
e - Hailstorm             Conj/Ice       #####...     3%          4    ####...
f - Swiftness             Chrm/Air       ###.....     4%          2    ##.....
Your spell library was empty.

Dungeon Overview and Level Annotations

Branches:
Dungeon (11/15)            Temple (1/1) D:7            Lair (5/8) D:11
  Swamp (0/4) Lair:3        Snake (0/4) Lair:3          Orc (1/4) D:9
  Slime: Lair:5-6

Altars:
Ashenzari
Cheibriados
Dithmenos
Elyvilon
Fedhas
Gozag
Kikubaaqudgha
Makhleb
Nemelex Xobeh
Okawaru
Qazlal
Ru
Sif Muna
Vehumet
Xom
Yredelemnul
Zin
The Shining One

Shops:
D:6 *

Annotations:
D:4 exclusion: upstairs
Lair:5 Snorg


Message History

Snorg completely misses you. Snorg claws you!
You thump Snorg!
Snorg is moderately wounded.
Snorg bites you!!
You feel yourself slow down. Snorg barely misses you. Snorg misses you.
You thump Snorg!
Snorg is moderately wounded.
Snorg completely misses you. Snorg barely misses you.
Snorg completely misses you. Snorg bites you!
Snorg claws you but does no damage. Snorg closely misses you. Snorg bites you!!
Snorg claws you!
* * * LOW HITPOINT WARNING * * *
Snorg misses you.
You barely miss Snorg.
Snorg is moderately wounded.
The water moccasin hisses angrily.
Snorg bites you!!
* * * LOW HITPOINT WARNING * * *
Snorg claws you!
You die...

..........#..........#..#
.............P..#.......#..
...S......................#
.................#.P...#.##
.................#.#....##
........[......####....##
................##....#.#
.................###...##
...!.....<@T..).###P.###
................# ##.#
................P# ...
..>..............##..#
.#..............[##.##
#...............#...
###P........#.### #.
##P#.P#..##.#


You could see Snorg (berserk) and a water moccasin.

Vanquished Creatures
  Fannar (Lair:2)
  An unseen horror (Lair:1)
  2 elephants (Lair:3)
  2 black mambas
  3 spiny frogs
  3 komodo dragons
  The ghost of Alipheese the Skirmisher, an average NaCK of Xom (D:3)
  A rime drake (Lair:3)
  Prince Ribbit (D:5)
  3 blink frogs
  A deep elf mage (D:10)
  3 basilisks
  4 hippogriffs
  7 yaks
  A soldier ant (D:11)
  Menkaure (D:7)
  4 wolves
  5 water moccasins
  9 porcupines
  A removed MONS_WASP (D:9)
  A phantom (D:4)
  An ogre (D:7)
  2 eyes of draining (D:10)
  An ice beast (D:9)
  6 orc warriors
  A sky beast (D:7)
  4 centaurs
  A big kobold (D:9)
  6 bullfrogs
  7 crocodiles
  A gnoll sergeant (D:6)
  A water moccasin skeleton (D:8)
  A scorpion (D:10)
  An electric eel (Lair:2)
  8 crimson imps
  5 wights (D:8)
  A bullfrog zombie (D:7)
  5 centaur zombies
  7 hounds
  4 orc priests
  9 orc wizards
  Crazy Yiuf (D:2)
  10 iguanas
  Jessica (D:2)
  11 worker ants
  2 killer bee zombies
  4 hound zombies
  4 hound skeletons
  Robin (D:2)
  3 gnolls
  20 adders
  13 river rats
  3 oozes (D:1)
  An adder skeleton (D:3)
  3 adder zombies
  A worm (D:2)
  4 leopard geckos
  34 orcs
  A bat zombie (D:3)
  14 goblins
  12 hobgoblins
  A quokka (D:9)
  A ball python (D:2)
  A ball python zombie (D:3)
  15 bats
  6 frilled lizards
  8 giant cockroaches
  15 jackals
  19 kobolds
  3 quokka zombies
  15 rats
354 creatures vanquished.

Vanquished Creatures (collateral kills)
  Rupert (Lair:4)
  Erica (D:10)
  3 hydras
  2 removed
  MONS_HILL_GIANTs (D:10)
  A black mamba (Lair:2)
  4 elephants (Lair:3)
  3 spiny frogs
  A rime drake (Lair:3)
  3 komodo dragons
  6 trolls
  2 polar bears
  A two-headed ogre (D:11)
  3 blink frogs
  2 wyverns
  A basilisk (Lair:3)
  11 yaks
  A wolf (Lair:1)
  Grum (Lair:1)
  2 hippogriffs
  Edmund (D:5)
  4 water moccasins
  A removed MONS_WASP (D:10)
  2 orc warriors
  A porcupine (Lair:4)
  A sky beast (D:9)
  A swamp drake (D:3)
  An eye of draining (D:10)
  4 black bears
  A centaur (D:9)
  8 crocodiles
  An ogre (D:7)
  A gnoll sergeant (D:9)
  3 bullfrogs
  A crimson imp (D:8)
  3 jellies
  A quasit (D:8)
  An iguana (Lair:5)
  A bullfrog skeleton (D:10)
  3 orc priests
  7 orc wizards
  16 removed MONS_SHEEPs
  6 gnolls (D:9)
  20 river rats
  13 orcs
  3 kobolds (D:9)
  A rat (D:5)
155 creatures vanquished.

Vanquished Creatures (others)
  14 fungi
  6 plants
20 creatures vanquished.

Grand Total: 529 creatures vanquished

Notes
Turn   | Place    | Note
-------+----------+-------------------------------------------
     0 | D:1      | amnekian the Human Ice Elementalist began the quest for the
                  | Orb.
     0 | D:1      | Reached XP level 1. HP: 13/13 MP: 3/3
   520 | D:1      | Reached XP level 2. HP: 17/19 MP: 1/5
   819 | D:1      | Reached skill level 4 in Ice Magic
   819 | D:1      | Reached XP level 3. HP: 24/24 MP: 6/6
  1518 | D:2      | Reached XP level 4. HP: 27/30 MP: 4/7
  1663 | D:2      | Noticed Crazy Yiuf
  1668 | D:2      | Learned a level 2 spell: Throw Frost
  1673 | D:2      | Learned a level 4 spell: Summon Ice Beast
  1679 | D:2      | Killed Crazy Yiuf
  1679 | D:2      | Reached skill level 5 in Ice Magic
  1925 | D:2      | Noticed Jessica
  2019 | D:2      | Noticed Robin
  2029 | D:2      | Reached XP level 5. HP: 31/35 MP: 8/8
  2031 | D:2      | Killed Robin
  2354 | D:3      | Noticed Alipheese's ghost (average NaCK)
  2503 | D:3      | Reached skill level 1 in Summonings
  2742 | D:3      | Reached skill level 6 in Ice Magic
  2742 | D:3      | Reached XP level 6. HP: 41/41 MP: 9/9
  2772 | D:3      | Found a sacrificial altar of Ru.
  3203 | D:3      | Paralysed by Alipheese's ghost for 5 turns
  4138 | D:4      | Reached XP level 7. HP: 42/46 MP: 10/10
  4592 | D:4      | Reached skill level 7 in Ice Magic
  5148 | D:4      | Reached skill level 5 in Summonings
  5148 | D:4      | Reached XP level 8. HP: 44/52 MP: 11/11
  5203 | D:5      | Entered Level 5 of the Dungeon
  5347 | D:5      | Noticed Prince Ribbit
  5628 | D:7      | Found a staircase to the Ecumenical Temple.
  5635 | Temple   | Entered the Ecumenical Temple
  5670 | Temple   | Became a worshipper of Sif Muna the Loreminder
  5713 | D:7      | Noticed Menkaure
  6489 | D:7      | Found a white marble altar of Elyvilon.
  7589 | D:8      | Got a bound bronze ring
  7592 | D:8      | Identified the ring "Plog" {SustAt *Confuse rC+ MR+++ SInv}
                  | (You found it on level 8 of the Dungeon)
  7654 | D:8      | Learned a level 4 spell: Condensation Shield
  7665 | D:8      | Reached piety under Sif Muna
  7665 | D:8      | Reached XP level 9. HP: 52/57 MP: 10/12
  8024 | D:7      | Reached skill level 5 in Dodging
  8330 | D:7      | Killed Menkaure
  8865 | D:7      | Found a burning altar of Makhleb.
  8865 | D:7      | Found a snail-covered altar of Cheibriados.
  8944 | D:6      | Found a radiant altar of Vehumet.
  8946 | D:6      | Found a basalt altar of Yredelemnul.
  9018 | D:6      | Found a shattered altar of Ashenzari.
  9398 | D:6      | Found Laosoi's General Store.
  9401 | D:6      | Bought a beef jerky for 18 gold pieces
  9449 | D:5      | Noticed Edmund
  9460 | D:5      | Killed Edmund
  9577 | D:5      | Killed Prince Ribbit
 10232 | D:3      | Killed Alipheese's ghost
 10232 | D:3      | Reached XP level 10. HP: 50/63 MP: 13/13
 10359 | D:3      | Reached skill level 1 in Fighting
 10617 | D:2      | Killed Jessica
 11659 | D:9      | Reached skill level 5 in Fighting
 12232 | D:8      | Identified a scroll of acquirement
 12274 | D:9      | Noticed a troll
 13470 | D:9      | Killed a troll
 13740 | D:9      | Found a staircase to the Orcish Mines.
 13921 | D:10     | Entered Level 10 of the Dungeon
 14870 | D:10     | Noticed Erica
 14905 | D:10     | Killed Erica
 14927 | D:10     | Noticed a hill giant
 15065 | D:9      | Reached XP level 11. HP: 87/87 MP: 14/14
 15140 | D:10     | Found an opulent altar of Gozag.
 16147 | D:9      | Reached skill level 5 in Conjurations
 16211 | D:10     | Noticed a hill giant
 16230 | D:10     | Killed a hill giant
 16323 | D:10     | Reached * piety under Sif Muna
 16602 | D:10     | Killed a hill giant
 16924 | Orc:1    | Entered Level 1 of the Orcish Mines
 17006 | D:10     | Learned a level 4 spell: Throw Icicle
 18075 | D:11     | Found a staircase to the Lair.
 18084 | Lair:1   | Entered Level 1 of the Lair of Beasts
 18084 | Lair:1   | Noticed Grum
 18095 | D:11     | Upgraded the game from 0.17-a0-1519-g2001520 to
                  | 0.17-a0-1522-g6c5b4ba
 18188 | Lair:1   | Killed Grum
 18962 | Lair:1   | Noticed a seven-headed hydra
 18986 | Lair:1   | Killed a seven-headed hydra
 19121 | Lair:1   | Noticed an unseen horror
 19417 | Lair:1   | Reached skill level 1 in Armour
 19647 | Lair:1   | Reached XP level 12. HP: 85/94 MP: 11/16
 20271 | Lair:2   | Noticed Fannar
 20851 | Lair:2   | Noticed a six-headed hydra
 20865 | Lair:2   | Killed a six-headed hydra
 20865 | Lair:2   | Reached skill level 5 in Armour
 21043 | Lair:2   | Noticed an eight-headed hydra
 21063 | Lair:2   | Killed an eight-headed hydra
 22008 | Lair:3   | Found a staircase to the Snake Pit.
 22964 | Lair:3   | Found a staircase to the Swamp.
 23592 | Lair:4   | Noticed Rupert
 23667 | Lair:4   | Got a flickering platinum ring
 23669 | Lair:4   | Identified the ring of Guuf {Fire MR+} (You found it on
                  | level 4 of the Lair of Beasts)
 23757 | Lair:3   | Reached *** piety under Sif Muna
 23924 | Lair:4   | Learned a level 2 spell: Swiftness
 24050 | Lair:5   | Reached skill level 1 in Charms
 24051 | Lair:5   | Reached skill level 1 in Air Magic
 24348 | Lair:5   | Noticed Snorg
 24790 | Lair:1   | Killed an unseen horror
 24885 | Lair:1   | Upgraded the game from 0.17-a0-1522-g6c5b4ba to
                  | 0.17-a0-1528-gfee3901
 24885 | Lair:1   | Upgraded the game from 0.17-a0-1528-gfee3901 to
                  | 0.17-a0-1534-gf98da79
 24885 | Lair:1   | Upgraded the game from 0.17-a0-1534-gf98da79 to
                  | 0.17-a0-1545-gc1bb672
 26065 | Lair:2   | Killed Fannar
 26065 | Lair:2   | Reached XP level 13. HP: 68/99 MP: 18/18
 26216 | Lair:2   | Reached skill level 9 in Ice Magic
 27929 | Lair:4   | Killed Rupert
 28845 | Lair:4   | Reached skill level 10 in Ice Magic
 29523 | Lair:5   | Upgraded the game from 0.17-a0-1545-gc1bb672 to
                  | 0.17-a0-1554-g3b847ca
 29523 | Lair:5   | Upgraded the game from 0.17-a0-1554-g3b847ca to
                  | 0.17-a0-1674-g2b13139
 29523 | Lair:5   | Upgraded the game from 0.17-a0-1674-g2b13139 to
                  | 0.17-a0-1691-g18a3847
 29523 | Lair:5   | Upgraded the game from 0.17-a0-1691-g18a3847 to
                  | 0.18-a0-1197-g8004e50
 29523 | Lair:5   | Upgraded the game from 0.18-a0-1197-g8004e50 to
                  | 0.18-a0-1243-g9e52518
 29523 | Lair:5   | Upgraded the game from 0.18-a0-1243-g9e52518 to
                  | 0.18-a0-1577-gf591c28
 29523 | Lair:5   | Upgraded the game from 0.18-a0-1577-gf591c28 to
                  | 0.19-a0-1365-gb34f4cb
 29535 | Lair:5   | Mangled by Snorg

Levels and vault maps discovered:
D:1:      minmay_arrival_solitary_statue
D:2:      uniq_robin, uniq_jessica, uniq_crazy_yiuf_cottage
D:3:      lemuel_round_altar, serial_undead, serial_undead_c, serial_undead_c,
          serial_undead_e, serial_undead_a, serial_undead_d, serial_undead_e,
          serial_undead_d, grunt_ministairs_14
D:4:      first_bread
D:5:      uniq_edmund, uniq_prince_ribbit1
D:6:      grunt_temple_overflow_open, serial_shops, kennysheep_mini_moat
D:7:      elyvilon_altar_5, amethyst_overflow_temple_binary, uniq_menkaure
D:9:      minmay_flawed_box, david_orc_4
D:10:     basic_altar, uniq_erica
D:11:     minmay_goldmine, lair_0_dummy, uniq_josephine, uniq_sonja
Temple:   circular_temple_12
Lair:1:   uniq_grum
Lair:2:   gammafunk_lair_bear_cave, beast_lair_carwin_6, serial_bayou_shore_b,
          uniq_fannar
Lair:3:   swamp_mist, dummy_snake_entry
Lair:4:   uniq_rupert
Lair:5:   uniq_snorg, uniq_kirke

Skill      XL: |  1  2  3  4  5  6  7  8  9 10 11 12 13 |
---------------+----------------------------------------+-----
Ice Magic      | 4 5 6 7 10 | 10.1
Summonings     | 1 5 |  7.1
Dodging        | 8 |  8.9
Fighting       | 5 |  8.4
Conjurations   | 5 |  8.2
Armour         | 1 5 |  8.4
Charms         | 1 |  3.9
Air Magic      | 1 |  3.6
Stealth        | |  4.0
Spellcasting   | |  3.8

Action                   |  1- 3 |  4- 6 |  7- 9 | 10-12 | 13-15 || total
-------------------------+-------+-------+-------+-------+-------++-------
Melee: Whip              |    41 |       |       |       |       ||    41
       Club              |     6 |       |       |       |       ||     6
       Quarterstaff      |       |   132 |   236 |   588 |    59 ||  1015
       Staff             |       |       |    10 |    12 |       ||    22
       Quarterstaff      |       |       |       |       |     7 ||     7
 Fire: Blowgun           |       |       |       |     2 |       ||     2
Throw: Stone             |       |    10 |    33 |    22 |       ||    65
       Boomerang         |       |       |       |    14 |     2 ||    16
 Cast: Freeze            |    43 |    35 |    82 |    29 |       ||   189
       Throw Frost       |       |     6 |    29 |    66 |     1 ||   102
       Summon Ice Beast  |       |       |    23 |   170 |    46 ||   239
       Condensation Shie |       |       |     1 |     1 |       ||     2
       Throw Icicle      |       |       |       |    88 |    47 ||   135
       Hailstorm         |       |       |       |       |     1 ||     1
Invok: Channel Magic     |       |       |       |    29 |     2 ||    31
Evoke: Club              |       |       |       |     2 |       ||     2
  Use: Potion            |       |     1 |       |     1 |       ||     2
       Scroll            |       |       |    14 |    19 |     1 ||    34
 Stab: Sleeping          |     3 |     1 |     7 |     2 |       ||    13
       Invisible         |       |     2 |       |       |       ||     2
       Distracted        |       |     1 |       |     2 |     2 ||     5
       Paralysed         |       |     2 |     6 |     5 |       ||    13
       Confused          |       |       |       |     2 |       ||     2
  Eat: Chunk             |     3 |     6 |    24 |   104 |    26 ||   163
       Ration            |       |     1 |       |       |     1 ||     2
       Buggy fruit       |       |       |     1 |     2 |       ||     3
       Buggy fruit       |       |       |     2 |     9 |       ||    11
       Buggy jelly       |       |       |       |     1 |       ||     1
       Buggy fruit       |       |       |       |     2 |       ||     2
Armor: Robe              |       |       |       |       |     4 ||     4
Dodge: Dodged            |       |       |       |       |    25 ||    25

Table legend:
 A = Non-vault XP
 B = Vault XP
 C = Vault XP percentage of total XP
 D = Non-vault monster count
 E = Vault monster count
 F = Vault count percentage of total count
                 A         B        C        D         E       F
            +---------+---------+-------+---------+---------+-------
      Total |       0 |       0 |   N/A |       0 |       0 |  -nan
            +---------+---------+-------+---------+---------+-------
            +---------+---------+-------+---------+---------+-------
